 Dungeon Crawl Stone Soup version 0.17-a0-2147-gfb20a63 (console) character file.

395 brucemayne the Chopper (level 6, 0/48 HPs)
             Began as a Demonspawn Berserker on Oct 24, 2015.
             Was a Believer of Trog.
             Slain by an orc warrior
             ... wielding a +0 halberd
              (14 damage)
             ... on level 8 of the Dungeon.
             The game lasted 00:05:30 (1335 turns).

brucemayne the Chopper (Demonspawn Berserker)       Turns: 1335, Time: 00:05:30

Health: 0/48       AC: 17    Str: 20    XL:     6   Next: 52%
Magic:  6/6        EV:  8    Int:  8    God:    Trog [**....]
Gold:   211        SH:  0    Dex: 12    Spells: 0 memorised, 5 levels left

rFire  . . .     SeeInvis .     a - +0 hand axe
rCold  . . .     Clarity  .     p - +0 chain mail
rNeg   . . .     SustAt   .     (no shield)
rPois  .         Gourm    .     (helmet restricted)
rElec  .         Spirit   .     (no cloak)
rCorr  .         Warding  .     (no gloves)
rMut   +         Stasis   .     k - +0 pair of boots
MR     .....                    h - amulet of resist mutation
Stlth  ..........               (no ring)
                                n - +4 ring of protection

@: lethally poisoned (0 -> -14), exhausted, slowed, very slow, not resistant to
hostile enchantments, extremely unstealthy
A: antennae 2, iridescent scales 1, powered by pain 1
a: Berserk, Trog's Hand, Burn Spellbooks, Renounce Religion


You were on level 8 of the Dungeon.
You worshipped Trog.
Trog was pleased with you.
You were hungry.

You visited 1 branch of the dungeon, and saw 8 of its levels.

You collected 211 gold pieces.

Inventory:

Hand Weapons
 a - a +0 hand axe (weapon)
 e - a +0 spear
 i - a +0 hand axe
Armour
 b - a +0 animal skin
 k - a +0 pair of boots (worn)
 o - a +0 leather armour
 p - a +0 chain mail (worn)
Jewellery
 h - an amulet of resist mutation (around neck)
 n - a +4 ring of protection (left hand)
Wands
 u - a wand of polymorph (7)
Scrolls
 d - a scroll of remove curse {unknown}
 f - a scroll of immolation {unknown}
 r - a scroll of brand weapon {unknown}
Potions
 g - 2 potions of curing {unknown}
 l - a potion of agility {unknown}
 m - a potion of ambrosia {unknown}
 t - a potion of berserk rage {unknown}
 v - a potion of flight {unknown}
Books
 s - a book of the Warp

   Spells                             Type                      Level
   a - Recall                         Summoning/Translocation      3
   b - Gell's Gravitas                Hexes/Translocation          3
   c - Force Lance                    Conjuration/Translocation    4
   d - Phase Shift                    Translocation                5
   e - Warp Weapon                    Charms/Translocation         5
   f - Summon Forest                  Summoning/Translocation      5
   Trog disapproves of the use of such an item.
Comestibles
 c - 3 bread rations
 j - a meat ration
 q - a chunk of flesh


   Skills:
 - Level 3.7 Fighting
 + Level 6.3 Axes
 - Level 1.8 Armour
 - Level 2.1 Dodging


You had 5 spell levels left.
You didn't know any spells.

Dungeon Overview and Level Annotations

Branches:
Dungeon (8/15)
 Temple: D:4-7         Lair: D:8-11

Altars:

Annotations:
D:8 Prince Ribbit


Innate Abilities, Weirdness & Mutations

You have a pair of antennae on your head.
You are partially covered in iridescent scales (AC +4).
You sometimes gain a little power by taking damage.


Message History

You barely miss something. You closely miss something.
You feel sick. Something hits you.
The orc warrior hits you but does no damage.
Unknown command.
Unknown command.
Unknown command.
You slash the orc warrior!
The orc warrior is almost dead.
You hit something.
You are no longer berserk.
You are exhausted.
You feel yourself slow down.
You are feeling hungry.
You feel sick. Something hits you.
You hear some strange, mumbled words.
A magic dart appears from out of thin air!
The magic dart hits you!
You feel sick. Something hits you but does no damage. Something hits you.
* * * LOW HITPOINT WARNING * * *
The orc warrior hits you from afar with a halberd!
You die...

.# ##.###.
......#
......#
###.......
#<#......#
#@#†......
#.{o{.....
#?#).....#
#.#.......
#.#......#
#.#...)..5
#.#.......
#.#.......
#. ######.


You could see an orc warrior.

Vanquished Creatures
  A scorpion (D:8)
  A giant frog zombie (D:5)
  An orc priest (D:6)
  A quasit (D:7)
  4 orc wizards
  A centaur skeleton (D:7)
  A worker ant (D:7)
  A hound zombie (D:5)
  A hound skeleton (D:6)
  An adder (D:8)
  A worm (D:5)
  A giant gecko (D:5)
  16 orcs
  A bat (D:1)
  5 giant cockroaches
  A hobgoblin (D:3)
  A kobold (D:2)
  A quokka (D:7)
  3 giant newts
  2 rats (D:2)
45 creatures vanquished.

Notes
Turn   | Place    | Note
--------------------------------------------------------------
     0 | D:1      | brucemayne the Demonspawn Berserker began the quest for the Orb.
     0 | D:1      | Reached XP level 1. HP: 18/18 MP: 1/1
   109 | D:3      | Gained mutation: You have a pair of small antennae on your head. [demonic ancestry]
   109 | D:3      | Reached XP level 2. HP: 20/24 MP: 2/2
   196 | D:4      | Reached XP level 3. HP: 25/30 MP: 3/3
   260 | D:5      | Entered Level 5 of the Dungeon
   285 | D:5      | Gained mutation: You sometimes gain a little power by taking damage. [demonic ancestry]
   285 | D:5      | Reached XP level 4. HP: 9/37 MP: 4/4
   444 | D:5      | Reached skill level 4 in Axes
   531 | D:4      | Gained mutation: You are partially covered in iridescent scales (AC +4). [demonic ancestry]
   531 | D:4      | Reached XP level 5. HP: 17/42 MP: 5/5
   907 | D:6      | Reached skill level 5 in Axes
   984 | D:7      | Reached ** piety under Trog
  1116 | D:8      | Noticed a hungry ghost
  1193 | D:7      | Gained mutation: You have a pair of antennae on your head. [demonic ancestry]
  1193 | D:7      | Reached XP level 6. HP: 45/48 MP: 6/6
  1306 | D:8      | Noticed Prince Ribbit
  1307 | D:8      | Prince Ribbit changed into something unseen
  1318 | D:8      | Reached skill level 6 in Axes
  1320 | D:8      | Noticed an orc warrior
  1335 | D:8      | Slain by an orc warrior

Vault maps used:
D:1:      scummos_arrival_gate, minmay_misc_feat_rows
D:2:      nicolae_overflow_crystal_walls, grunt_ministairs_8, minivault_14,
          minmay_misc_feat_cross, uniq_natasha, uniq_jessica
D:3:      hangedman_decor_growths, grunt_ministairs_10
D:4:      first_bread
D:5:      lemuel_temple_firewalk, minmay_misc_feat_nine_boxes
D:6:      serial_bayou_lagoon_a, eino_tiny_chamber, kennysheep_crisscross
D:7:      grunt_ogre_cave
D:8:      enter_bailey_2, serial_shops, shop, nicolae_good_shop, uniq_joseph,
          uniq_erolcha, uniq_prince_ribbit1

Action                   |  1- 3 |  4- 6 || total
-------------------------+-------+-------++-------
Melee: Hand axe          |    42 |   151 ||   193
Invok: Berserk           |     2 |     5 ||     7
       Trog's Hand       |       |     1 ||     1
Evoke: Wand              |       |     1 ||     1
 Stab: Sleeping          |     1 |       ||     1
  Eat: Chunk             |       |     8 ||     8
